 Dungeon Crawl Stone Soup version 0.19-a0-32-gbfd796a (webtiles) character file.

3677 M4edhros the Martial Artist (level 10, -24/69 HPs)
             Began as an Octopode Necromancer on May 2, 2016.
             Was a Believer of Cheibriados.
             Annihilated by a hill giant
             ... wielding a +0 giant club
              (42 damage)
             ... on level 10 of the Dungeon.
             The game lasted 00:21:30 (2741 turns).

M4edhros the Martial Artist (Octopode Necromancer)  Turns: 2741, Time: 00:21:31

Health: -24/69     AC:  1    Str: 14    XL:     10   Next: 13%
Magic:  10/13      EV: 18    Int: 28    God:    Cheibriados [**....]
Gold:   345        SH:  0    Dex: 21    Spells: 4 memorised, 4 levels left

rFire  . . .     SeeInvis .     k - +5 short sword (elec)
rCold  . . .     Gourm    .     (no shield)
rNeg   . . .     Faith    .     (helmet restricted)
rPois  .         Spirit   .     c - amulet of dismissal
rElec  .         Dismiss  +     r - ring of stealth
rCorr  .         Reflect  .     d - +2 ring of intelligence
SustAt .         Harm     .     (no ring)
MR     .....                    (no ring)
Stlth  +++++++...               (no ring)
                                (no ring)
                                (no ring)
                                (no ring)

@: regenerating (expiring), very slow, not resistant to hostile enchantments,
extremely stealthy
A: almost no armour, amphibious, 8 rings, constrict 8, tentacle spike 1,
camouflage 1, clever 1, robust 1, gelatinous body 1
a: Bend Time, Renounce Religion


You were on level 10 of the Dungeon.
You worshipped Cheibriados.
Cheibriados was pleased with you.
You were hungry.

You visited 2 branches of the dungeon, and saw 11 of its levels.

You collected 345 gold pieces.

Inventory:

Hand Weapons
 e - a +0 mace of protection
 g - a +1 short sword of venom
 k - a +5 short sword of electrocution (weapon)
Missiles
 p - 19 poisoned needles
Jewellery
 c - an amulet of dismissal (around mantle)
 d - a +2 ring of intelligence (right tentacle)
 r - a ring of stealth (left tentacle)
Wands
 h - a wand of polymorph (6/24)
 j - a wand of enslavement (0/24)
 n - a wand of flame (5/48)
 v - a wand of iceblast (10/15)
 y - a wand of confusion (11/48)
Scrolls
 i - 2 scrolls of random uselessness
 l - 2 scrolls of magic mapping
 m - a scroll of remove curse
 o - a scroll of enchant armour
 u - a scroll of enchant weapon {unknown}
 w - a scroll of fog {unknown}
 z - a scroll of recharging {unknown}
Potions
 x - a potion of cure mutation
 A - a potion of magic
Books
 a - a book of Necromancy

   Spells                             Type                      Level
   a - Pain                           Necromancy                   1
   b - Animate Skeleton               Necromancy                   1
   c - Vampiric Draining              Necromancy                   3
   d - Regeneration                   Charms/Necromancy            3
   e - Animate Dead                   Necromancy                   4
   f - Control Undead                 Necromancy                   4
 s - the Volume of Quantum Curses
   (You found it on level 8 of the Dungeon)

   Spells                             Type                      Level
   a - Slow                           Hexes                        2
   b - Gell's Gravitas                Hexes/Translocation          3
   c - Force Lance                    Conjuration/Translocation    4
   d - Passage of Golubria            Translocation                4
   e - Summon Mana Viper              Hexes/Summoning              5
 t - a book of Clouds

   Spells                             Type                      Level
   a - Mephitic Cloud                 Conjuration/Poison/Air       3
   b - Conjure Flame                  Conjuration/Fire             3
   c - Poisonous Cloud                Conjuration/Poison/Air       6
   d - Freezing Cloud                 Conjuration/Ice/Air          6
   e - Ring of Flames                 Charms/Fire                  7
Miscellaneous
 B - a lamp of fire (inert)
Comestibles
 b - 10 bread rations
 q - a meat ration


   Skills:
 + Level 3.6 Fighting
 + Level 6.8 Dodging
 - Level 8.3 Stealth
 + Level 8.4 Unarmed Combat
 - Level 2.0 Spellcasting
 - Level 4.0 Necromancy
 + Level 3.9 Translocations
 * Level 5.1 Evocations


You had 4 spell levels left.
You knew the following spells:

 Your Spells              Type           Power        Failure   Level  Hunger
a - Pain                  Necr           ####         1%          1    None
b - Animate Skeleton      Necr           N/A          1%          1    None
c - Passage of Golubria   Tloc           N/A          21%         4    ####...
r - Regeneration          Chrm/Necr      ##........   12%         3    ###....


Dungeon Overview and Level Annotations

Branches:
Dungeon (10/15)            Temple (1/1) D:4            Lair (0/8) D:8
    Orc: D:9-12

Altars:
Cheibriados
Fedhas
Gozag
Makhleb
Nemelex Xobeh
Okawaru
Ru
Yredelemnul
Zin


Innate Abilities, Weirdness & Mutations

You cannot wear most types of armour.
You are amphibious.
You can wear up to eight rings at the same time.
You can use your tentacles to constrict eight enemies at once.
Your skin changes colour to match your surroundings (Stealth).
Your rubbery body absorbs attacks (AC +1).
One of your tentacles bears a spike.
Your mind is acute. (Int +2)
You are robust (+10% HP).


Message History

Press: ? - help, Shift-Dir - straight line
Okay, then.
You fail to use your ability.
Your skin is crawling a little less now.
The cyclops throws a large rock.
The large rock hits your orc skeleton!!!
Something hits your orc skeleton!!
Your orc skeleton is destroyed!
You fail to use your ability.
You warp the flow of time around you!
You are feeling hungry.
You can no longer warp the flow of time around you.
Okay, then.
Evoke which item? (* to show all) (? for menu, Esc to quit)
Okay, then.
Drink which item? (? for menu, Esc to quit)
Okay, then.
The hill giant hits you with a giant club!!!
Ouch! That really hurt!
You die...

# #..................
###############.....^............
##.............................#.
...######....######....#.......#.
...#=......?.#(..............###.
.#.#.........#....(.##...#...#...
.<.#.......).#......##...#...####
...#...o.....#.%C............≈≈≈≈
...#.........#.C@.#....#.....####
.............)D..^.....#.#...#(..
..............(##......#.....###.
...... ......)##......#.......#.
....... ..............)#.#.....#.
...######....#....######.#%.#....
.D.(... ............##### .##
...........# ....Z....#


You could see a seven-headed hydra, a six-headed hydra (confused), a hill giant
and a cyclops.

Vanquished Creatures
  A hill giant (D:9)
  An orc knight (D:10)
  2 trolls
  A slime creature (D:10)
  A spriggan (D:9)
  A hungry ghost (D:10)
  An ice beast (D:7)
  Duvessa (D:7)
  A black bear (D:7)
  A sky beast (D:4)
  An eye of draining (D:9)
  2 centaurs
  3 ogres
  A big kobold (D:7)
  A giant frog (D:7)
  A wyvern zombie (D:10)
  Dowan (D:7)
  7 howler monkeys
  3 crimson imps
  2 hounds
  2 giant frog skeletons (D:5)
  A centaur skeleton (D:4)
  3 orc wizards
  2 worker ants
  3 iguanas
  A hound skeleton (D:4)
  3 gnolls (D:5)
  A worker ant zombie (D:6)
  7 adders
  A shadow imp (D:10)
  An adder skeleton (D:9)
  A worm (D:5)
  A giant gecko (D:6)
  13 orcs
  2 ball pythons
  A giant cockroach (D:5)
  5 goblins
  3 hobgoblins
  4 quokkas
  7 bats
  4 giant newts
  9 kobolds
  5 rats
113 creatures vanquished.

Vanquished Creatures (collateral kills)
  A sky beast (D:9)
  A phantom (D:7)
  A centaur (D:10)
  A scorpion (D:7)
  A crimson imp (D:5)
  An orc wizard (D:3)
  An adder (D:7)
  An orc (D:8)
  3 bats
  A giant cockroach zombie (D:5)
  A rat (D:2)
13 creatures vanquished.

Grand Total: 126 creatures vanquished

Notes
Turn   | Place    | Note
--------------------------------------------------------------
     0 | D:1      | M4edhros the Octopode Necromancer began the quest for the Orb.
     0 | D:1      | Reached XP level 1. HP: 11/11 MP: 3/3
    84 | D:1      | Reached skill level 1 in Unarmed Combat
   109 | D:1      | Reached XP level 2. HP: 11/17 MP: 0/5
   257 | D:2      | Reached XP level 3. HP: 21/21 MP: 6/6
   262 | D:2      | Learned a level 1 spell: Animate Skeleton
   266 | D:2      | Learned a level 3 spell: Regeneration
   505 | D:3      | Reached XP level 4. HP: 27/27 MP: 5/7
   711 | D:4      | Reached XP level 5. HP: 26/31 MP: 8/8
   804 | D:4      | Reached skill level 5 in Unarmed Combat
   848 | D:4      | Found a staircase to the Ecumenical Temple.
   859 | Temple   | Entered the Ecumenical Temple
   932 | Temple   | Became a worshipper of Cheibriados the Contemplative
  1008 | D:4      | Noticed an ogre
  1011 | D:4      | Noticed a sky beast
  1011 | D:4      | an ogre changed into a sky beast
  1022 | D:4      | HP: 1/31 [something (6)]
  1055 | D:4      | Killed a sky beast
  1055 | D:4      | Reached XP level 6. HP: 26/36 MP: 5/9
  1109 | D:5      | Entered Level 5 of the Dungeon
  1188 | D:5      | Found a sacrificial altar of Ru.
  1203 | D:5      | Reached XP level 7. HP: 32/41 MP: 5/10
  1320 | D:5      | Reached skill level 5 in Stealth
  1334 | D:5      | Reached * piety under Cheibriados
  1809 | D:7      | Reached XP level 8. HP: 35/46 MP: 11/11
  1894 | D:7      | Noticed Duvessa
  1895 | D:7      | Noticed Dowan
  1905 | D:7      | Killed Duvessa
  1905 | D:7      | Reached skill level 5 in Dodging
  1989 | D:7      | Reached ** piety under Cheibriados
  2029 | D:7      | Killed Dowan
  2112 | D:8      | Identified the Volume of Quantum Curses
  2118 | D:8      | Learned a level 4 spell: Passage of Golubria
  2189 | D:8      | Found a staircase to the Lair.
  2220 | D:9      | Reached skill level 1 in Fighting
  2220 | D:9      | Reached skill level 1 in Translocations
  2221 | D:9      | Reached XP level 9. HP: 45/53 MP: 12/12
  2325 | D:9      | Gained mutation: Your mind is acute. (Int +2) [mutagenic meat]
  2326 | D:9      | Gained mutation: One of your tentacles bears a spike. [mutagenic meat]
  2327 | D:9      | Gained mutation: You are robust (+10% HP). [mutagenic meat]
  2378 | D:9      | Noticed a hill giant
  2384 | D:9      | Reached skill level 1 in Evocations
  2386 | D:9      | Killed a hill giant
  2495 | D:9      | Noticed a troll
  2501 | D:9      | Killed a troll
  2535 | D:10     | Entered Level 10 of the Dungeon
  2544 | D:10     | Noticed a troll
  2545 | D:10     | Noticed an orc knight
  2632 | D:10     | Noticed a seven-headed hydra
  2691 | D:10     | Noticed a cyclops
  2700 | D:10     | Reached *** piety under Cheibriados
  2704 | D:10     | Killed a troll
  2707 | D:10     | Noticed a hill giant
  2714 | D:10     | Reached XP level 10. HP: 47/69 MP: 10/13
  2721 | D:10     | Noticed a six-headed hydra
  2731 | D:10     | Killed an orc knight
  2731 | D:10     | Reached skill level 5 in Evocations
  2741 | D:10     | Annihilated by a hill giant

Vault maps used:
D:1:      dpeg_arrival_prison, minmay_misc_feat_four_crosses
D:3:      kennysheep_boxes
D:4:      first_bread
D:5:      minitemple, minmay_hedge_maze, nicolae_ru_great_annihilating_truth
D:6:      overflow_temple_1_default
D:7:      uniq_duvessa
D:8:      old_standard_altar, lair_0_dummy
D:9:      the_bakery
D:10:     minmay_cut_squares, grunt_decor_cap
Temple:   nicolae_temple_figure_eight

Skill      XL: |  1  2  3  4  5  6  7  8  9 10 |
---------------+-------------------------------+-----
Unarmed Combat | 1 2 3 4 5 6 7 8 |  8.4
Stealth        | 3 4 6 8 |  8.3
Dodging        | 3 4 5 6 |  6.8
Fighting       | 1 3 |  3.6
Translocations | 1 3 |  3.9
Evocations     | 4 5 |  5.1
Spellcasting   | |  2.0
Necromancy     | |  4.0

Action                   |  1- 3 |  4- 6 |  7- 9 | 10-12 || total
-------------------------+-------+-------+-------+-------++-------
Melee: Unarmed           |    15 |       |       |       ||    15
       Constrict         |    14 |    18 |    30 |     2 ||    64
       Tentacles         |     8 |     9 |    29 |     2 ||    48
       Mace              |    34 |    47 |       |       ||    81
       Punch             |       |     2 |    11 |     1 ||    14
       Short sword       |       |    26 |   149 |     4 ||   179
       Kick              |       |       |     8 |     3 ||    11
 Cast: Pain              |    14 |       |     1 |       ||    15
       Animate Skeleton  |     7 |     4 |    23 |     1 ||    35
       Regeneration      |     2 |     8 |    31 |     2 ||    43
       Passage of Golubr |       |       |       |     1 ||     1
Invok: Temporal Distorti |       |       |       |     1 ||     1
Evoke: Wand              |       |     7 |    19 |     9 ||    35
       Lamp of fire      |       |       |     1 |       ||     1
  Use: Potion            |     1 |     6 |     3 |     1 ||    11
       Scroll            |       |     3 |     5 |     1 ||     9
 Stab: Sleeping          |     3 |     2 |    16 |       ||    21
       Confused          |       |       |     4 |     2 ||     6
  Eat: Royal jelly       |     1 |       |       |       ||     1
       Chunk             |       |     1 |    11 |       ||    12
Armor: Skin              |    28 |    16 |     7 |       ||    51
Dodge: Dodged            |    55 |    51 |   111 |     4 ||   221
